 Dungeon Crawl Stone Soup version 0.30-a0-802-gb92711bcdf (webtiles) character file.

Game seed: 10322585857323734025

163 IdlyInterested the Ducker (level 5, -5/36 HPs)
             Began as an Octopode Monk on Feb 24, 2023.
             Slain by an orc
             ... wielding a +0 falchion
              (8 damage)
             ... on level 3 of the Dungeon.
             The game lasted 00:04:34 (1762 turns).

IdlyInterested the Ducker (Octopode Monk)           Turns: 1762, Time: 00:04:35

Health: -5/36      AC:  1    Str: 11    XL:     5   Next: 44%
Magic:  5/5        EV: 12    Int: 12    God:
Gold:   133        SH:  0    Dex: 16    Spells: 4/4 levels left

rFire   . . .      SeeInvis .    f - +2 short sword (venom)
rCold   . . .      Faith    .    (no shield)
rNeg    . . .      Spirit   .    (helmet restricted)
rPois   .          Reflect  .    (no amulet)
rElec   .          Harm     .    (no ring)
rCorr   .          Rampage  .    (no ring)
Will    .....                    (no ring)
Stlth   +++                      (no ring)
HPRegen 0.26/turn                (no ring)
MPRegen 0.09/turn                (no ring)
                                 (no ring)
                                 (no ring)

@: constricted
A: almost no armour, amphibious, 8 rings, camouflage 1, gelatinous body 1,
(nimble swimmer 1), tentacles
a: no special abilities


You were on level 3 of the Dungeon.
You visited 1 branch of the dungeon, and saw 3 of its levels.

You collected 133 gold pieces.

Inventory:

Hand Weapons
 a - a +0 falchion
 f - a +2 short sword of venom (weapon)
 g - a +0 rapier
Missiles
 d - a stone (quivered)
 n - 6 poisoned darts
Scrolls
 c - a scroll of enchant armour
 m - a scroll of vulnerability {unknown}
 o - a scroll of teleportation {unknown}
Potions
 b - a potion of ambrosia
 e - a potion of invisibility
 h - a potion of cancellation
 i - a potion of mutation
 j - a potion of curing {unknown}
 k - 2 potions of lignification {unknown}
 l - a potion of flight {unknown}


   Skills:
 - Level 3.0 Fighting
 * Level 4.3 Long Blades
 + Level 0.4 Throwing
 * Level 4.5 Dodging
 - Level 2.6 Stealth
 - Level 1.0 Shields
 - Level 1.0 Unarmed Combat


You had 4 spell levels left.
You didn't know any spells.
Your spell library contained the following spells:

 Spells                   Type           Power      Damage    Failure   Level
 Dazzling Flash           Conj/Hex       0%         N/A       69%         3
 Agony                    Necr           0%         N/A       100%        5
 Silence                  Hex/Air        0%         N/A       100%        5


Dungeon Overview and Level Annotations

Branches:
Dungeon (3/15)

Altars:

Shops:
D:3 (


Innate Abilities, Weirdness & Mutations

You cannot wear most types of armour.
You are amphibious.
You can wear up to eight rings at the same time.
Your skin changes colour to match your surroundings (Stealth+).
Your rubbery body absorbs attacks. (AC +1, EV +1)
((You are camouflaged when in or above water. (Stealth+)))
You have tentacles for arms and can constrict up to eight enemies at once.


Message History

Found a stone staircase leading down.
There is an entrance to Dajeesus's Weapon Shoppe here.
You can access your shopping list by pressing '$'.
You see here a +0 club.
There is an escape hatch in the ceiling here.
A mysterious force pulls you upwards. The hatch slams shut behind you.
There is an escape hatch in the ceiling here.
There is an escape hatch in the floor, spattered with blood here.
You slide downwards.
The hatch slams shut behind you.
The orc shouts! x2; Natasha hisses angrily.
The ball python hisses angrily.
Natasha claws you.
The orc priest shouts!
The orc shouts!
You barely miss Natasha. Your grab misses Natasha. You squeeze Natasha.
Natasha is lightly wounded.
Natasha barely misses you.
The orc priest mumbles some strange prayers to Beogh against you.
Beogh smites you!
You hit Natasha.
Natasha is poisoned.
Your grab misses Natasha. You squeeze Natasha.
Natasha is heavily wounded.
Natasha claws you. The orc barely misses you.
You hit Natasha.
Natasha looks as sick as possible!
Your grab misses Natasha.
Natasha is almost dead.
The adder barely misses you. Natasha claws you!
* * * LOW HITPOINT WARNING * * *
The orc barely misses you.
You hit Natasha.
You kill Natasha!
Natasha growls in agony!
The ball python bites you but does no damage.
The ball python misses you. The adder barely misses you. The orc misses you.
The adder barely misses you. The ball python bites you.
* * * LOW HITPOINT WARNING * * *
The ball python grabs you. The ball python constricts you.
* * * LOW HITPOINT WARNING * * *
You completely miss the orc. You grab the orc. You constrict the orc.
The adder bites you.
* * * LOW HITPOINT WARNING * * *
The orc hits you with a +0 falchion!
You die...

......# ...
.###........#
####### ##.
....#.....###
# ##..##...##
#. ..... #
#####.. .. ..#
########.##
#^@So.....#
#oSo†......
....Ko.......
####..........
#..........
#..........
##########.


You could see an orc priest, an adder, 3 orcs, a ball python and a kobold.

Vanquished Creatures
  A scorpion (D:3)
  Natasha (D:3)
  4 adders
  A worm (D:2)
  A dart slug (D:2)
  3 ball pythons
  2 endoplasms (D:1)
  4 giant cockroaches
  5 hobgoblins
  6 jackals
  2 kobolds
  2 bats
  2 goblins
  5 rats
39 creatures vanquished.

Notes
Turn   | Place    | Note
-------+----------+-------------------------------------------
     0 | D:1      | IdlyInterested the Octopode Monk began the quest for the
                  | Orb.
     0 | D:1      | Reached XP level 1. HP: 16/16 MP: 1/1
   132 | D:1      | Reached XP level 2. HP: 19/21 MP: 2/2
   604 | D:2      | Reached skill level 1 in Unarmed Combat
   604 | D:2      | Reached XP level 3. HP: 26/26 MP: 3/3
  1256 | D:2      | Reached XP level 4. HP: 31/31 MP: 4/4
  1540 | D:3      | Noticed a scorpion
  1547 | D:3      | Killed a scorpion
  1548 | D:3      | Reached skill level 1 in Shields
  1548 | D:3      | Reached XP level 5. HP: 36/36 MP: 5/5
  1674 | D:3      | Found Dajeesus's Weapon Shoppe.
  1756 | D:3      | Noticed Natasha
  1760 | D:3      | Killed Natasha
  1762 | D:3      | Slain by an orc

Illustrated notes

Levels and vault maps discovered:
D:1:      amcnicky_arrival_wind_blow, layout_rooms
D:2:      layout_loops_corners, hangedman_decor_peaks_small
D:3:      layout_rooms, serial_shops, nicolae_shop_bloodbath_and_beyond,
          uniq_natasha, uniq_grinder

Skill      XL: |  1  2  3  4 |
---------------+-------------+-----
Unarmed Combat | 1 |  1.0
Long Blades    | 4 |  4.3
Dodging        | 4 |  4.5
Shields        | 1 |  1.0
Fighting       | |  3.0
Throwing       | |  0.4
Stealth        | |  2.6

Action                     |  1- 3 |  4- 6 || total
---------------------------+-------+-------++-------
  Melee: Short sword       |    48 |    16 ||    64
         Constrict         |    14 |     5 ||    19
         Falchion          |     4 |       ||     4
         Tentacles         |    11 |     6 ||    17
    Use: Scroll            |     3 |     1 ||     4
   Stab: Sleeping          |    10 |     2 ||    12
 Armour: Skin              |     4 |     3 ||     7
  Dodge: Dodged            |    27 |    12 ||    39

Table legend: (Time is in decaauts)
 A = Elapsed time spent in this place.
 B = Non-inter-level travel time spent in this place.
 C = Inter-level travel time spent in this place.
 D = Time resting spent in this place.
 E = Time spent auto-exploring this place.
 F = Levels seen in this place.
 G = Mean time per level.
                   A        B        C        D        E       F      G
               +--------+--------+--------+--------+--------+-----+--------+
         Total |   1756 |   1396 |    360 |     43 |    980 |   3 |  585.3 |
       Dungeon |   1756 |   1396 |    360 |     43 |    980 |   3 |  585.3 |
               +--------+--------+--------+--------+--------+-----+--------+

Top non-repeatable levels by time:
     D:2: 1083 daAuts
     D:1: 610 daAuts
     D:3: 62 daAuts
